 Dungeon Crawl Stone Soup version 0.16.1-4-g8e1b745 (console) character file.

347 gw the Ducker (level 6, -2/36 HPs)
             Began as a Deep Elf Artificer on Mar 28, 2015.
             Was a Follower of Okawaru.
             Slain by Prince Ribbit (13 damage)
             ... on level 5 of the Dungeon.
             The game lasted 00:02:21 (1675 turns).

gw the Ducker (Deep Elf Artificer)                  Turns: 1675, Time: 00:02:21

Health: -2/36      AC:  7    Str:  8    XL:     6   Next: 32%
Magic:  13/15      EV: 15    Int: 17    God:    Okawaru [*.....]
Gold:   36         SH:  0    Dex: 17    Spells: 0 memorised, 5 levels left

rFire  . . .     SeeInvis .     a - +0 short sword (curse)
rCold  . . .     Clarity  .     j - +0 ring mail
rNeg   . . .     SustAb   .     (no shield)
rPois  .         Gourm    .     (no helmet)
rElec  .         Spirit   .     (no cloak)
rCorr  .         Warding  .     r - +0 pair of gloves
rMut   .         Stasis   .     (no boots)
MR     .....                    (no amulet)
Stlth  +++.......               (no ring)
                                (no ring)

@: heroism, not resistant to hostile enchantments, fairly stealthy
A: no striking features
a: Heroism, Renounce Religion


You were on level 5 of the Dungeon.
You worshipped Okawaru.
Okawaru was aware of your devotion.
You were hungry.

You visited 1 branch of the dungeon, and saw 5 of its levels.

You collected 36 gold pieces.

Inventory:

Hand weapons
 a - a cursed +0 short sword (weapon)
Missiles
 q - 18 arrows
Armour
 j - a +0 ring mail (worn)
 r - a +0 pair of gloves (worn)
Magical devices
 b - a wand of flame (7)
 c - a wand of enslavement (11)
 d - a wand of random effects (0)
 o - a wand of fireball (0)
 t - a wand of teleportation (3)
Scrolls
 i - 3 scrolls of blinking {unknown}
 m - a scroll of remove curse {unknown}
 s - a scroll of amnesia {unknown}
Potions
 e - a potion of brilliance {unknown}
 k - a potion of magic {unknown}
 l - a potion of mutation {unknown}
 n - a potion of poison {unknown}
Comestibles
 f - 2 bread rations
 g - a slice of pizza
 h - 2 fruits


   Skills:
 + Level 2.3(7.3) Fighting
 * Level 3.9(8.9) Short Blades
 + Level 4.3(9.3) Dodging
 - Level 1.2(6.2) Stealth
 + Level 2.9 Invocations
 - Level 3.2 Evocations


You had 5 spell levels left.
You didn't know any spells.

Dungeon Overview and Level Annotations

Branches:
Dungeon (5/15)
 Temple: D:4-7

Altars:
Elyvilon
Okawaru

Annotations:
D:5 Duvessa, Prince Ribbit


Message History

Unknown command.
Unknown command.
Unknown command.
Unknown command.
Evoke which item? (* to show all) (? for menu, Esc to quit)
Zapping:
o - a wand of fireball {zapped: 6} (will waste charges)
Press: ? - help, Shift-Dir - straight line, f/p - Prince Ribbit
Aim: Prince Ribbit (moderately wounded) Nothing appears to happen.
Prince Ribbit hits you!
Unknown command.
Unknown command.
Unknown command.
Unknown command.
Evoke which item? (* to show all) (? for menu, Esc to quit)
Zapping:
b - a wand of flame (8)
Press: ? - help, Shift-Dir - straight line, f/p - Prince Ribbit
Aim: Prince Ribbit (moderately wounded)
The puff of flame misses Prince Ribbit.
This wand has 7 charges left.
Prince Ribbit hits you!
You die...

.#.. #.#.#
..#.. #.#..
##########
#.#.#
......../#
#%#.#
########.#
#.#.#
#.####F#.##.#
#....e..$...#
#############


You could see Prince Ribbit.

Table legend:
 A = Turns spent in this place as a percentage of turns spent in the entire game.
 B = Non-inter-level travel turns spent in this place as a percentage of non-inter-level travel turns spent in the entire game.
 C = Inter-level travel turns spent in this place as a percentage of turns spent in this place.
 D = Turns resting spent in this place as a percentage of non-inter-level travel turns spent in this place.
 E = Turns spent auto-exploring this place as a percentage of non-inter-level travel turns spent in this place.
 F = Non-inter-level travel turns spent in this place divided by the number of levels of this place that you've seen.
                   A       B       C       D       E      F
               +-------+-------+-------+-------+-------+----------------------
         Total | 100.0 | 100.0 |   1.9 |   1.9 |   1.6 | 442.0
       Dungeon | 100.0 | 100.0 |   1.9 |   1.9 |   1.6 | 442.0
               +-------+-------+-------+-------+-------+----------------------

Table legend:
 A = Kills in this place as a percentage of kills in entire the game.
 B = Kills by you in this place as a percentage of kills by you in the entire game.
 C = Kills by friends in this place as a percentage of kills by friends in the entire game.
 D = Other kills in this place as a percentage of other kills in the entire game.
 E = Experience gained in this place as a percentage of experience gained in the entire game.
 F = Experience gained in this place divided by the number of levels of this place that you have seen.
                   A       B       C       D       E      F
               +-------+-------+-------+-------+-------+----------------------
         Total | 100.0 | 100.0 |  -nan | 100.0 | 100.0 |  99.2
       Dungeon | 100.0 | 100.0 |  -nan | 100.0 | 100.0 |  99.2
               +-------+-------+-------+-------+-------+----------------------

Vanquished Creatures
  Eustachio (D:5)
  Menkaure (D:4)
  Dowan (D:5)
  A hound (D:5)
  The ghost of gw the Charlatan, a weakling DEAr (D:5)
  A river rat (D:5)
  A worm (D:2)
  An ooze (D:3)
  An orc (D:5)
  A giant cockroach (D:4)
  2 hobgoblins
  4 quokkas
  A ball python (D:5)
  3 kobolds
  2 rats
22 creatures vanquished.

Vanquished Creatures (others)
  A scorpion (D:5)
  A quokka (D:2)
2 creatures vanquished.

Grand Total: 24 creatures vanquished

Notes
Turn   | Place    | Note
--------------------------------------------------------------
     0 | D:1      | gw, the Deep Elf Artificer, began the quest for the Orb.
     0 | D:1      | Reached XP level 1. HP: 11/11 MP: 2/2
   264 | D:2      | Reached skill level 1 in Fighting
   289 | D:2      | Found a white marble altar of Elyvilon.
   292 | D:3      | Found an iron altar of Okawaru.
   333 | D:3      | Became a worshipper of Warmaster Okawaru
   349 | D:3      | Reached XP level 2. HP: 13/16 MP: 5/5
   857 | D:4      | Noticed Menkaure
   859 | D:4      | Killed Menkaure
   859 | D:4      | Acquired Okawaru's first power
   859 | D:4      | Reached XP level 3. HP: 19/21 MP: 7/7
   859 | D:4      | Reached XP level 4. HP: 23/26 MP: 10/10
   915 | D:5      | Entered Level 5 of the Dungeon
   915 | D:5      | Noticed Duvessa
   915 | D:5      | Noticed Dowan
   915 | D:5      | Noticed gw's ghost (weakling DEAr)
   934 | D:5      | Killed Dowan
   934 | D:5      | Reached XP level 5. HP: 28/30 MP: 10/12
   967 | D:5      | Killed gw's ghost
  1123 | D:5      | Noticed Eustachio
  1170 | D:5      | Killed Eustachio
  1170 | D:5      | Reached skill level 4 in Dodging
  1170 | D:5      | Reached XP level 6. HP: 2/35 MP: 15/15
  1503 | D:5      | Noticed Prince Ribbit
  1675 | D:5      | Slain by Prince Ribbit

Action                   |  1- 3 |  4- 6 || total
-------------------------+-------+-------++-------
Melee: Short sword       |    47 |    63 ||   110
Invok: Heroism           |       |     4 ||     4
Evoke: Wand              |     3 |    28 ||    31
 Stab: Sleeping          |     1 |       ||     1
       Paralysed         |       |     1 ||     1
  Eat: Chunk             |       |     2 ||     2

Vault maps used:
D:1:      dpeg_arrival_fog, minmay_misc_feat_more_columns
D:2:      minmay_door_path, elyvilon_altar_4, grunt_dithmenos_smoke
D:3:      okawaru_gym_becter, zin_scriptorium, grunt_temple_overflow_open,
          nrook_uturn, uniq_iyjb
D:4:      uniq_menkaure
D:5:      first_bread, kennysheep_crisscross, uniq_eustachio,
          uniq_prince_ribbit1, uniq_blork_the_orc, uniq_duvessa
